[Event "Titled Tuesday Blitz July 18 Early 2023"]
[White "Merino Garcia, Rafael II"]
[Black "Basso, Pier Luigi"]
[WhiteFideId "2209128"]
[BlackFideId "866970"]
[WhiteElo "2389"]
[BlackElo "2698"]
[Result "0-1"]
[Round "1"]
[TimeControl "180+2"]
[Date "2023.07.18"]
[WhiteClock "0:00:57"]
[BlackClock "0:01:45"]
[Board "99"]

1. d4 d5 2. Nf3 Nf6 3. g3 c6 4. Bg2 Bf5 5. c4 e6 6. Nc3 h6 7. Qb3 Qb6 8. c5 Qc7 9. Bf4 Qc8 10. O-O Nbd7 11. h3 Be7 12. g4 Bh7 13. Qd1 O-O 14. b4 Ne4 15. Nxe4 Bxe4 16. a4 f5 17. gxf5 Rxf5 18. Bg3 Qe8 19. Ra3 Qh5 20. Ne5 Bxg2 21. Kxg2 Nxe5 22. Bxe5 Raf8 23. Rg3 Bf6 24. Bxf6 R8xf6 25. f3 Rg5 26. Qe1 Rxg3+ 27. Kxg3 Qg5+ 28. Kh2 Qf4+ 29. Qg3 Qxd4 30. Rg1 Qf4 31. Qxf4 Rxf4 32. Rb1 Rc4 33. Kg3 Kf7 34. b5 Rxc5 35. bxc6 bxc6 36. Rb7+ Kf6 37. Rxa7 Rc2 38. Kf2 c5 39. a5 c4 40. a6 Ra2 41. Ra8 c3 42. a7 c2 43. Rc8 Rxa7 44. Rxc2 g5 45. Rc8 Ra4 46. Rh8 Rh4 47. Kg3 Ke5 48. e3 Kd6 49. Rd8+ Ke7 50. Rh8 e5 51. Rh7+ Ke6 52. Rh8 d4 53. exd4 exd4 54. Rd8 Rf4 55. Rh8 Rf6 56. Rd8 Ke5 57. Kf2 Rd6 58. Re8+ Kd5 59. Ke2 Re6+ 60. Rxe6 Kxe6 61. Kd2 Ke5 62. Kd3 Kf4 63. Kxd4 Kxf3 0-1


[Site "https://www.chess.com"]

[Event "Titled Tuesday Blitz July 18 Early 2023"]
[White "Alex_Sahakyan2006"]
[Black "Topalov, Aleksandar"]
[BlackFideId "925659"]
[WhiteElo "2693"]
[BlackElo "2387"]
[Result "1-0"]
[Round "1"]
[TimeControl "180+2"]
[Date "2023.07.18"]
[WhiteClock "0:01:57"]
[BlackClock "0:00:08"]
[Board "100"]

1. e4 e6 2. d4 d5 3. Bd3 dxe4 4. Bxe4 Nf6 5. Bf3 c5 6. Be3 cxd4 7. Qxd4 Qxd4 8. Bxd4 Nc6 9. Bxc6+ bxc6 10. Nf3 Ba6 11. Nbd2 c5 12. Bxf6 gxf6 13. O-O-O O-O-O 14. Ne4 Be7 15. Rxd8+ Rxd8 16. Re1 Kc7 17. g3 h6 18. Nc3 Kc6 19. Nh4 Bf8 20. f4 f5 21. Nf3 Bg7 22. Ne5+ Bxe5 23. Rxe5 Rd4 24. b3 Kd6 25. Na4 Rd5 26. Re3 Bb5 27. Nc3 Rd4 28. Nxb5+ 1-0


[Site "https://www.chess.com"]

[Event "Titled Tuesday Blitz July 18 Early 2023"]
[White "Jegorovas, Aleksandras"]
[Black "Eugene, Floryan"]
[WhiteFideId "12801950"]
[BlackFideId "20694784"]
[WhiteElo "2385"]
[BlackElo "2693"]
[Result "0-1"]
[Round "1"]
[TimeControl "180+2"]
[Date "2023.07.18"]
[WhiteClock "0:00:40"]
[BlackClock "0:00:46"]
[Board "101"]

1. d4 f5 2. Nf3 Nf6 3. g3 d6 4. Bg2 g6 5. O-O Bg7 6. b4 O-O 7. Bb2 d5 8. Nbd2 Ne4 9. c4 c6 10. Qb3 Be6 11. c5 Nd7 12. Nxe4 fxe4 13. Ng5 Bf7 14. f3 exf3 15. exf3 e5 16. dxe5 Qxg5 17. f4 Qe7 18. Rae1 Be6 19. Bd4 Rae8 20. a4 Kh8 21. Qc3 g5 22. b5 gxf4 23. gxf4 Qh4 24. Qe3 Bh6 25. Qg3 Rxf4 26. Be3 Rxf1+ 27. Rxf1 Qxg3 0-1


[Site "https://www.chess.com"]

[Event "Titled Tuesday Blitz July 18 Early 2023"]
[White "2KRK1"]
[Black "Prydun, Andriy"]
[BlackFideId "14145898"]
[WhiteElo "2684"]
[BlackElo "2384"]
[Result "1-0"]
[Round "1"]
[TimeControl "180+2"]
[Date "2023.07.18"]
[WhiteClock "0:00:03"]
[BlackClock "0:00:51"]
[Board "102"]

1. Nf3 d5 2. b3 Bg4 3. Bb2 Nd7 4. e3 e6 5. h3 Bh5 6. g4 Bg6 7. d3 h5 8. Rg1 hxg4 9. hxg4 a5 10. a3 c5 11. Nc3 Ne7 12. Nb5 Nc6 13. a4 e5 14. Bg2 Be7 15. Qe2 f6 16. O-O-O Nb6 17. Rh1 Rg8 18. Nh4 Bf7 19. Nf5 Bf8 20. f4 Qd7 21. fxe5 fxe5 22. Rdf1 O-O-O 23. Nfd6+ Bxd6 24. Nxd6+ Qxd6 25. Rxf7 c4 26. dxc4 dxc4 27. Rd1 Qe6 28. Qf3 cxb3 29. Qf5 Qxf5 30. gxf5 Rdf8 31. Rxf8+ Rxf8 32. cxb3 Rxf5 33. Bh3 1-0


[Site "https://www.chess.com"]

[Event "Titled Tuesday Blitz July 18 Early 2023"]
[White "Rian, Kapriaga"]
[Black "Bykhovsky, Anatoly"]
[WhiteFideId "7103263"]
[BlackFideId "2806991"]
[WhiteElo "2382"]
[BlackElo "2683"]
[Result "1-0"]
[Round "1"]
[TimeControl "180+2"]
[Date "2023.07.18"]
[WhiteClock "0:00:13"]
[BlackClock "0:01:43"]
[Board "103"]

1. d4 Nf6 2. Nf3 c5 3. e3 g6 4. Be2 Bg7 5. O-O O-O 6. b3 cxd4 7. exd4 d5 8. Bb2 Nc6 9. Nbd2 Bf5 10. a3 Rc8 11. Rc1 Ne4 12. Nxe4 dxe4 13. Ne5 Nxe5 14. dxe5 Qc7 15. Qd4 Rfd8 16. Qxa7 Ra8 17. Qe3 Bxe5 18. Bxe5 Qxe5 19. a4 Rac8 20. Bc4 Rd6 21. Rcd1 Rcd8 22. Rxd6 Rxd6 23. h3 h5 24. Qa7 Rd7 25. Qb6 Kg7 26. Re1 Rd2 27. Qxb7 Qd4 28. Rf1 e3 29. Qxe7 exf2+ 30. Kh1 Rd1 31. Qxf7+ Kh6 32. Qf8+ Kg5 33. Qe7+ Kf4 34. Qh4+ Ke3 35. Qxf2+ Ke4 36. Qf4# 1-0


[Site "https://www.chess.com"]

[Event "Titled Tuesday Blitz July 18 Early 2023"]
[White "Dimitrov, Atanas"]
[Black "Silva, Pedro Gil Ferreira Da"]
[WhiteFideId "2901315"]
[BlackFideId "1946102"]
[WhiteElo "2675"]
[BlackElo "2379"]
[Result "1-0"]
[Round "1"]
[TimeControl "180+2"]
[Date "2023.07.18"]
[WhiteClock "0:01:47"]
[BlackClock "0:01:30"]
[Board "104"]

1. Nf3 c5 2. c4 Nf6 3. g3 Nc6 4. Bg2 g6 5. O-O Bg7 6. Nc3 O-O 7. b3 d5 8. cxd5 Nxd5 9. Bb2 Nc7 10. Rc1 b6 11. d3 Bb7 12. Nd2 Qd7 13. Nc4 Rfd8 14. h4 h6 15. Qd2 Ne6 16. Ne4 Ncd4 17. e3 Nf5 18. Bxg7 Kxg7 19. Rfd1 Rac8 20. Qb2+ f6 21. h5 Ng5 22. hxg6 Kxg6 23. Qe2 Qe6 24. Nxg5 hxg5 25. Bxb7 Rb8 26. Be4 1-0


[Site "https://www.chess.com"]

[Event "Titled Tuesday Blitz July 18 Early 2023"]
[White "Slovineanu, Viacheslav"]
[Black "Itgelt, Khuyagtsogt"]
[WhiteFideId "13900510"]
[BlackFideId "4902912"]
[WhiteElo "2378"]
[BlackElo "2675"]
[Result "0-1"]
[Round "1"]
[TimeControl "180+2"]
[Date "2023.07.18"]
[WhiteClock "0:00:29"]
[BlackClock "0:01:31"]
[Board "105"]

1. d4 Nf6 2. Nf3 g6 3. c4 Bg7 4. Nc3 d5 5. cxd5 Nxd5 6. e4 Nxc3 7. bxc3 O-O 8. Be2 c5 9. O-O b6 10. Bf4 Bb7 11. d5 Bxc3 12. Rc1 Bb2 13. Rc2 Bg7 14. Bc4 Qd7 15. Ne5 Qa4 16. Qe2 Ba6 17. Nd7 Bxc4 18. Rxc4 Qxd7 19. e5 Qxd5 20. Rd1 Qe6 21. Rc3 Nc6 22. Qe4 Rad8 23. Re1 Rd4 24. Qf3 Rfd8 25. Rce3 Nb4 26. R3e2 Nd3 0-1


[Site "https://www.chess.com"]

[Event "Titled Tuesday Blitz July 18 Early 2023"]
[White "Nouri, Alekhine"]
[Black "Mejia, Cherry Ann"]
[WhiteFideId "5216184"]
[BlackFideId "5206880"]
[WhiteElo "2675"]
[BlackElo "2377"]
[Result "1-0"]
[Round "1"]
[TimeControl "180+2"]
[Date "2023.07.18"]
[WhiteClock "0:01:05"]
[BlackClock "0:00:00"]
[Board "106"]

1. e4 c5 2. Nc3 a6 3. Nf3 b5 4. d4 cxd4 5. Nxd4 e6 6. Be3 Bb7 7. Bd3 Qc7 8. O-O Nf6 9. a3 Be7 10. f4 d6 11. Qe2 O-O 12. Rae1 Nc6 13. h3 Rac8 14. Qf2 Rfe8 15. f5 e5 16. Nb3 b4 17. Nd5 Nxd5 18. exd5 Nb8 19. Bb6 Qd7 20. f6 Bxf6 21. Bf5 Qe7 22. Bxc8 Rxc8 23. axb4 Bxd5 24. Na5 Nc6 25. c4 Nxa5 26. cxd5 Nc4 27. Rc1 Qb7 28. Ba5 Bg5 29. Rc3 f6 30. Qc2 Qxd5 31. b3 Qd2 32. Qxd2 Bxd2 33. Rxc4 1-0


[Site "https://www.chess.com"]

[Event "Titled Tuesday Blitz July 18 Early 2023"]
[White "Lopez Gracia, Fernando"]
[Black "Koshulyan, Egor A."]
[WhiteFideId "2207184"]
[BlackFideId "24237000"]
[WhiteElo "2371"]
[BlackElo "2674"]
[Result "0-1"]
[Round "1"]
[TimeControl "180+2"]
[Date "2023.07.18"]
[WhiteClock "0:00:02"]
[BlackClock "0:00:19"]
[Board "107"]

1. c4 e6 2. Nf3 d5 3. g3 Nf6 4. Bg2 dxc4 5. Qa4+ Bd7 6. Qxc4 Bc6 7. O-O Nbd7 8. Nc3 Be7 9. e4 Nb6 10. Qe2 O-O 11. d4 Be8 12. Rd1 Qc8 13. Bf4 c5 14. Rac1 cxd4 15. Nxd4 Qc4 16. Qe1 Qb4 17. Rc2 Nc4 18. Bf1 e5 19. a3 Qc5 20. Nf5 exf4 21. Bxc4 fxg3 22. hxg3 Qxc4 23. Nxe7+ Kh8 24. Rcd2 Qe6 25. Nf5 Bc6 26. Rd6 Qe5 27. f3 Rae8 28. Qf2 Re6 29. Rxe6 Qxe6 30. Nd4 Qe5 31. Nxc6 bxc6 32. Kg2 h6 33. Qd4 Qg5 34. Rd2 Nh5 35. Qf2 Nf4+ 36. Kf1 Ne6 37. f4 Qh5 38. e5 Qh1+ 39. Ke2 Re8 40. Qf3 Qh2+ 41. Qf2 Qh5+ 42. Qf3 Qf5 43. g4 Nxf4+ 44. Kf2 Qxe5 45. Rd7 Qe1# 0-1


[Site "https://www.chess.com"]

[Event "Titled Tuesday Blitz July 18 Early 2023"]
[White "gau_npukyputb"]
[Black "K2JW"]
[WhiteElo "2673"]
[BlackElo "2367"]
[Result "1-0"]
[Round "1"]
[TimeControl "180+2"]
[Date "2023.07.18"]
[WhiteClock "0:01:38"]
[BlackClock "0:00:00"]
[Board "108"]

1. g3 d5 2. Bg2 e5 3. Nf3 Bd6 4. O-O Ne7 5. c4 c6 6. Nc3 e4 7. Nd4 O-O 8. cxd5 cxd5 9. d3 Be5 10. dxe4 dxe4 11. Be3 f5 12. Qb3+ Kh8 13. Ne6 Bxe6 14. Qxe6 Nbc6 15. Rfd1 Qc8 16. Qd7 Rd8 17. Qxc8 Raxc8 18. f3 Bxc3 19. bxc3 Nd5 20. Bg5 Nf6 21. Bxf6 gxf6 22. fxe4 Rxd1+ 23. Rxd1 Ne5 24. exf5 Rxc3 25. Bxb7 Rc2 26. Rd8+ Kg7 27. Bd5 Rxe2 28. Rg8+ Kh6 29. Rf8 Kg7 30. Ra8 Rd2 31. Rxa7+ Kh6 32. Be4 Re2 33. Bg2 Ng4 34. Bf3 Re1+ 35. Kg2 Ne5 36. Ra4 Rc1 37. Re4 Kg5 38. Re2 Kxf5 39. Be4+ Kg5 40. Bxh7 Rc3 41. h3 Ra3 42. Bg8 Nc6 43. Rf2 Nd4 44. h4+ Kg6 45. Bc4 Nf5 46. Rf3 Ra4 47. Bd3 Rxa2+ 48. Kh3 Ra5 49. Rxf5 Rxf5 50. Kg4 Kh6 51. Bxf5 1-0


[Site "https://www.chess.com"]

[Event "Titled Tuesday Blitz July 18 Early 2023"]
[White "Chernyavsky, Alexander"]
[Black "Begmuratov, Alisher"]
[WhiteFideId "24131156"]
[BlackFideId "14203367"]
[WhiteElo "2363"]
[BlackElo "2672"]
[Result "0-1"]
[Round "1"]
[TimeControl "180+2"]
[Date "2023.07.18"]
[WhiteClock "0:00:09"]
[BlackClock "0:01:13"]
[Board "109"]

1. d4 Nf6 2. c4 e6 3. Nc3 Bb4 4. e3 O-O 5. Ne2 d5 6. a3 Be7 7. Ng3 c5 8. cxd5 exd5 9. dxc5 Bxc5 10. b4 d4 11. bxc5 dxc3 12. Qxd8 Rxd8 13. Ne2 Ne4 14. f3 Nxc5 15. Nxc3 Nc6 16. Kf2 Nd3+ 17. Bxd3 Rxd3 18. Ne2 Be6 19. e4 Rad8 20. Be3 Bc4 21. Rhc1 b5 22. Rc3 a5 23. Rac1 Ne5 24. Bf4 Rxc3 25. Rxc3 Nd3+ 26. Ke3 Nb2 27. Rc2 Nd1# 0-1


[Site "https://www.chess.com"]

[Event "Titled Tuesday Blitz July 18 Early 2023"]
[White "Tica, Sven"]
[Black "Omariev, Maksim"]
[WhiteFideId "14526948"]
[BlackFideId "4193423"]
[WhiteElo "2672"]
[BlackElo "2361"]
[Result "1-0"]
[Round "1"]
[TimeControl "180+2"]
[Date "2023.07.18"]
[WhiteClock "0:00:29"]
[BlackClock "0:00:00"]
[Board "110"]

1. e4 c5 2. Nc3 d6 3. f4 Nc6 4. Nf3 g6 5. Bc4 Bg7 6. d3 e6 7. O-O Nge7 8. Qe1 h6 9. f5 gxf5 10. Qg3 Rg8 11. Qh4 fxe4 12. dxe4 Ng6 13. Qh5 Nce5 14. Nxe5 Nxe5 15. Be3 Bd7 16. Be2 Qe7 17. Rad1 O-O-O 18. a3 Kb8 19. b4 Bc6 20. bxc5 dxc5 21. Rxd8+ Rxd8 22. Bf4 Qc7 23. Nb5 Bxb5 24. Bxb5 a6 25. Be2 Ka8 26. Rb1 c4 27. Be3 Bf8 28. Kh1 Bc5 29. Bf4 Bd6 30. Qxh6 Bxa3 31. Qf6 Bd6 32. Rd1 Rd7 33. Bxe5 Bxe5 34. Rxd7 Qxd7 35. Qxe5 Qd2 36. Bf1 Qxc2 37. Qh8+ Ka7 38. Qd4+ Ka8 39. Qxc4 Qd1 40. h3 Kb8 41. e5 Qe1 42. Qe2 Qg3 43. Kg1 Ka8 44. Qf2 Qg5 45. Qf3 Kb8 46. Qxf7 Qxe5 47. Qf2 Qd6 48. h4 e5 49. h5 e4 50. Be2 Qe6 51. g4 e3 52. Qf4+ Ka8 53. h6 Qe7 54. g5 Qc7 55. Qxc7 1-0


[Site "https://www.chess.com"]

[Event "Titled Tuesday Blitz July 18 Early 2023"]
[White "Tarasova, Viktoriya"]
[Black "Arhan_Anand"]
[WhiteFideId "4175840"]
[WhiteElo "2361"]
[BlackElo "2671"]
[Result "1-0"]
[Round "1"]
[TimeControl "180+2"]
[Date "2023.07.18"]
[WhiteClock "0:00:17"]
[BlackClock "0:01:28"]
[Board "111"]

1. d4 Nf6 2. c4 c6 3. Nf3 d5 4. Nc3 e6 5. Bg5 dxc4 6. e4 b5 7. e5 h6 8. Bh4 g5 9. Nxg5 hxg5 10. Bxg5 Nbd7 11. g3 Bb7 12. Bg2 Qb6 13. exf6 c5 14. d5 O-O-O 15. O-O b4 16. Na4 Qa6 17. a3 Ne5 18. Nxc5 Bxc5 19. axb4 Bxf2+ 20. Rxf2 Qb6 21. Qe2 Nd3 22. Be3 Qxb4 23. dxe6 Nxf2 24. e7 Rdg8 25. Qxf2 a6 26. Qf5+ Kb8 27. Qe5+ Ka8 28. Rxa6# 1-0


[Site "https://www.chess.com"]

[Event "Titled Tuesday Blitz July 18 Early 2023"]
[White "DCacheiro"]
[Black "Fajdetic, Hrvoje"]
[BlackFideId "14501945"]
[WhiteElo "2671"]
[BlackElo "2360"]
[Result "0-1"]
[Round "1"]
[TimeControl "180+2"]
[Date "2023.07.18"]
[WhiteClock "0:00:19"]
[BlackClock "0:01:34"]
[Board "112"]

1. d4 e6 2. c4 d5 3. Nf3 f5 4. g3 c6 5. Bg2 Nf6 6. O-O Bd6 7. b3 O-O 8. Ba3 Ne4 9. Bxd6 Qxd6 10. Qc2 b6 11. Nbd2 a5 12. a3 Nd7 13. Rfc1 Ba6 14. e3 Rac8 15. Qb2 c5 16. cxd5 exd5 17. dxc5 bxc5 18. Rd1 Qf6 19. Qxf6 Ndxf6 20. Nxe4 dxe4 21. Ne5 Rfd8 22. Bf1 Bxf1 23. Kxf1 Nd5 24. Nc4 a4 25. bxa4 Nc3 26. Rxd8+ Rxd8 27. a5 Kf7 28. Rb1 Nxb1 0-1


[Site "https://www.chess.com"]

[Event "Titled Tuesday Blitz July 18 Early 2023"]
[White "Senft, Sean"]
[Black "Nagare Kaivalya Sandip"]
[WhiteFideId "2044960"]
[BlackFideId "25957929"]
[WhiteElo "2360"]
[BlackElo "2666"]
[Result "0-1"]
[Round "1"]
[TimeControl "180+2"]
[Date "2023.07.18"]
[WhiteClock "0:00:16"]
[BlackClock "0:00:35"]
[Board "113"]

1. d4 Nf6 2. c4 e6 3. Nc3 Bb4 4. Nf3 d5 5. Bg5 h6 6. Bh4 O-O 7. e3 b6 8. cxd5 exd5 9. Bd3 Bb7 10. O-O Nbd7 11. Ne5 Be7 12. f4 c5 13. Rc1 a6 14. Bb1 Rc8 15. Rf3 cxd4 16. exd4 Ne4 17. Bxe7 Qxe7 18. Re3 Ndf6 19. Nxe4 dxe4 20. Rec3 Rxc3 21. Rxc3 Bd5 22. Qc1 Qb4 23. Qd2 Rd8 24. a3 Qd6 25. Rc1 Bb3 26. Rc3 Qxd4+ 27. Qxd4 Rxd4 28. Rxb3 Rd1+ 29. Kf2 Rxb1 30. Rxb6 Nd5 31. Rb8+ Kh7 32. Nxf7 e3+ 33. Kf3 Rf1+ 34. Ke2 Rf2+ 35. Ke1 Nxf4 36. Re8 Nd3+ 37. Kd1 Rd2# 0-1


[Site "https://www.chess.com"]

[Event "Titled Tuesday Blitz July 18 Early 2023"]
[White "Aldokhin, Ivan"]
[Black "Peatman, Carter"]
[WhiteFideId "24115720"]
[BlackFideId "2096480"]
[WhiteElo "2663"]
[BlackElo "2355"]
[Result "1/2-1/2"]
[Round "1"]
[TimeControl "180+2"]
[Date "2023.07.18"]
[WhiteClock "0:00:08"]
[BlackClock "0:00:06"]
[Board "114"]

1. e4 e5 2. Nf3 Nf6 3. d4 Nxe4 4. Bd3 Nc6 5. dxe5 Nc5 6. Bb5 a6 7. Bxc6 dxc6 8. Qxd8+ Kxd8 9. Nc3 Be6 10. Be3 Be7 11. Ng5 Bxg5 12. Bxg5+ Kc8 13. Be3 Nd7 14. f4 b6 15. O-O-O Kb7 16. Ne4 h6 17. Rhf1 g6 18. Ng3 h5 19. h4 Bg4 20. Rd2 Rad8 21. Ne4 Bf5 22. Ng5 Be6 23. b3 c5 24. Rfd1 Kc8 25. c4 Nb8 26. Kc2 Nc6 27. Kc3 Ne7 28. Bf2 Nf5 29. a3 Ne7 30. b4 cxb4+ 31. axb4 Rxd2 32. Rxd2 Rd8 33. Rxd8+ Kxd8 34. Kd4 Kc8 35. Kc3 Kb7 36. Ne4 Nc6 37. Ng5 a5 38. b5 Ne7 39. Nh7 c6 40. bxc6+ Nxc6 41. Ng5 Ka6 42. Ne4 a4 43. Nd6 Na5 44. Kb4 a3 45. Kxa3 Nxc4+ 46. Kb4 Nxd6 47. exd6 Kb7 48. Kb5 Bd7+ 49. Kb4 Kc6 50. Bd4 Be6 51. Be5 Bd5 52. g3 Be6 53. Kc3 Kd5 54. Kb4 Bd7 55. Kc3 b5 56. Kd3 Bf5+ 57. Kc3 Bd7 58. Kb4 Ke4 59. Kc5 Kf5 60. Kb6 Ke6 61. Kc7 b4 62. Kb6 b3 63. Kc5 Kf5 64. Kb6 Ke6 65. Kc7 Ba4 66. Bb2 Bb5 67. Be5 Bd7 68. Bd4 Be8 69. Bc3 Ba4 70. Bb2 Bb5 71. Ba3 Ba4 72. Kd8 Bd7 73. Kc7 Ba4 74. Kb6 Bd7 75. Kc7 Ba4 1/2-1/2


[Site "https://www.chess.com"]

[Event "Titled Tuesday Blitz July 18 Early 2023"]
[White "Sovetbekova, Nurai"]
[Black "Rychagov, Andrey"]
[WhiteFideId "13801910"]
[BlackFideId "4119932"]
[WhiteElo "2355"]
[BlackElo "2662"]
[Result "0-1"]
[Round "1"]
[TimeControl "180+2"]
[Date "2023.07.18"]
[WhiteClock "0:00:03"]
[BlackClock "0:00:11"]
[Board "115"]

1. d4 f5 2. Bf4 Nf6 3. e3 e6 4. Nc3 d6 5. Nf3 Be7 6. Be2 O-O 7. O-O Nh5 8. Bg3 Nxg3 9. hxg3 d5 10. Ne5 Nd7 11. f4 Nxe5 12. fxe5 c5 13. g4 cxd4 14. exd4 f4 15. Bd3 Bd7 16. Qf3 Bg5 17. Ne2 Qb6 18. Qh3 g6 19. Kf2 Rf7 20. Rh1 h6 21. Bxg6 Rg7 22. Bd3 Rf8 23. Qf3 Bb5 24. Bxb5 Qxb5 25. Qb3 Qc6 26. Ng1 f3 27. gxf3 Rc7 28. c3 Rcf7 29. Qd1 b5 30. a3 a5 31. Rh3 b4 32. axb4 axb4 33. Ne2 bxc3 34. bxc3 Rb8 35. Rb1 Ra8 36. Ra1 Raf8 37. Qd3 Kg7 38. Ra6 Qc8 39. Ra1 Rd7 40. Rah1 Ra7 41. Ng3 Ra2+ 42. Ne2 Qc4 43. Qxc4 dxc4 44. Rb1 Rf7 45. Ke1 Rc2 46. Kd1 Rd2+ 47. Ke1 Rd3 48. Kf2 Ra7 49. Rb2 Ra1 50. Rg3 Bh4 51. Kg2 Bxg3 52. Kxg3 Rad1 53. Kf4 R1d2 54. Rb7+ Kg6 55. Ng3 Rf2 56. Ke4 Rfxf3 57. Nh5 Rde3# 0-1


[Site "https://www.chess.com"]

[Event "Titled Tuesday Blitz July 18 Early 2023"]
[White "benny_aizenberg"]
[Black "Alain_Otero"]
[WhiteElo "2660"]
[BlackElo "2354"]
[Result "1-0"]
[Round "1"]
[TimeControl "180+2"]
[Date "2023.07.18"]
[WhiteClock "0:00:07"]
[BlackClock "0:00:00"]
[Board "116"]

1. c4 c5 2. Nf3 Nc6 3. g3 g6 4. Bg2 Bg7 5. O-O d6 6. Nc3 e6 7. e3 Nge7 8. d4 cxd4 9. exd4 O-O 10. d5 Ne5 11. Nxe5 Bxe5 12. Bh6 Re8 13. Qd2 a6 14. Rad1 Nf5 15. dxe6 Nxh6 16. e7 Qxe7 17. Qxh6 Be6 18. Nd5 Qd8 19. b3 Rc8 20. Rfe1 b5 21. cxb5 axb5 22. Qd2 Bxd5 23. Qxd5 Rc5 24. Qxc5 dxc5 25. Rxd8 Rxd8 26. Rxe5 Rd1+ 27. Bf1 c4 28. bxc4 bxc4 29. Rc5 Ra1 30. Rxc4 Rxa2 31. Rc7 Rd2 32. Bc4 Rd1+ 33. Kg2 Rd8 34. Rxf7 Kh8 35. Rc7 Rf8 36. h4 Rf6 37. Bd3 1-0


[Site "https://www.chess.com"]

[Event "Titled Tuesday Blitz July 18 Early 2023"]
[White "Nithyalakshmi, Sivanesan"]
[Black "Galiot, Goran"]
[WhiteFideId "5706955"]
[BlackFideId "931560"]
[WhiteElo "2353"]
[BlackElo "2659"]
[Result "0-1"]
[Round "1"]
[TimeControl "180+2"]
[Date "2023.07.18"]
[WhiteClock "0:00:08"]
[BlackClock "0:00:17"]
[Board "117"]

1. e4 c5 2. Nc3 e6 3. f4 Nc6 4. Nf3 a6 5. a4 Qc7 6. d3 d6 7. g3 Nf6 8. Bg2 Be7 9. O-O b6 10. e5 Nd5 11. Nxd5 exd5 12. exd6 Bxd6 13. Re1+ Ne7 14. Ng5 O-O 15. Qh5 h6 16. Nf3 Bd7 17. Ne5 Bf5 18. Bd2 Rae8 19. h3 Bc8 20. Qd1 f6 21. Nf3 Bb7 22. Re2 Nf5 23. Rxe8 Rxe8 24. Be1 Ne3 25. Qd2 Nxg2 26. Qxg2 d4 27. Qf1 Qc6 28. Kg2 Re3 29. Bd2 Rxf3 30. Qxf3 Qxf3+ 31. Kg1 Qg2# 0-1


[Site "https://www.chess.com"]

[Event "Titled Tuesday Blitz July 18 Early 2023"]
[White "Goryachkina, Aleksandra"]
[Black "Jiang, Andrew"]
[WhiteFideId "4147103"]
[BlackFideId "30953510"]
[WhiteElo "2659"]
[BlackElo "2352"]
[Result "1/2-1/2"]
[Round "1"]
[TimeControl "180+2"]
[Date "2023.07.18"]
[WhiteClock "0:00:11"]
[BlackClock "0:00:07"]
[Board "118"]

1. e4 e5 2. Nc3 Nf6 3. d4 exd4 4. Qxd4 Nc6 5. Qd3 Bb4 6. Bd2 d6 7. O-O-O O-O 8. f3 Be6 9. g4 Qe7 10. g5 Nd7 11. f4 Nc5 12. Qe3 Bg4 13. Re1 Bxc3 14. Bxc3 Rfe8 15. Bd3 d5 16. Qg3 dxe4 17. Qxg4 Nxd3+ 18. cxd3 Qc5 19. dxe4 b5 20. Kb1 b4 21. Be5 Nxe5 22. fxe5 Rxe5 23. Nf3 Re7 24. Rc1 Qb6 25. Rhd1 Rae8 26. e5 a5 27. Qc4 h6 28. gxh6 Qxh6 29. Rg1 Qh7+ 30. Ka1 Qf5 31. Qg4 Qxg4 32. Rxg4 Rd8 33. Rcg1 g6 34. h4 Rd3 35. R4g3 Red7 36. Kb1 a4 37. Ng5 Rd2 38. Ne4 Rd1+ 39. Rxd1 Rxd1+ 40. Kc2 Re1 41. Nf6+ Kg7 42. Ng4 Re2+ 43. Kc1 Kf8 44. Re3 Rg2 45. Re4 b3 46. Rxa4 bxa2 47. Rxa2 Rxg4 48. Ra7 Rxh4 49. Rxc7 Re4 50. Rc5 g5 51. Kd2 g4 52. Kd3 Re1 53. Kd2 Re4 54. Kd3 Re1 55. Kd2 Re4 1/2-1/2


[Site "https://www.chess.com"]

[Event "Titled Tuesday Blitz July 18 Early 2023"]
[White "Llanos, Guillermo"]
[Black "Aaditya Dhingra"]
[WhiteFideId "100358"]
[BlackFideId "25678191"]
[WhiteElo "2350"]
[BlackElo "2658"]
[Result "0-1"]
[Round "1"]
[TimeControl "180+2"]
[Date "2023.07.18"]
[WhiteClock "0:00:47"]
[BlackClock "0:00:24"]
[Board "119"]

1. Nf3 g6 2. g3 Bg7 3. Bg2 c6 4. O-O d5 5. c4 Nf6 6. cxd5 cxd5 7. d4 Nc6 8. Nc3 O-O 9. Ne5 Bf5 10. Bf4 Rc8 11. Rc1 a6 12. Nxc6 Rxc6 13. Be5 Ne4 14. Bxg7 Kxg7 15. Nxe4 dxe4 16. Rxc6 bxc6 17. e3 Qd5 18. Qa4 Rb8 19. b3 c5 20. dxc5 Qxc5 21. Bxe4 Rb4 22. Qxa6 Bxe4 23. Qe2 Qc3 24. f3 Bd3 25. Qe1 Qc5 26. Rf2 Rb6 27. Rd2 Rd6 28. Kg2 Qc3 29. Kf2 e5 30. Qd1 e4 31. fxe4 Rf6+ 32. Kg1 Bxe4 33. Qe1 Qc6 34. h4 h5 35. Kh2 Rf3 36. Rf2 Rxf2+ 37. Qxf2 Qc1 38. Qg1 Qd2+ 39. Kh3 Bf5+ 40. g4 hxg4+ 41. Kg3 Qd6+ 42. Kf2 Qd2+ 43. Kg3 Qxa2 44. e4 Qxb3+ 45. Kf4 Qf3+ 46. Ke5 Qxe4+ 47. Kd6 Qd3+ 48. Kc7 g3 49. h5 gxh5 50. Qa1+ f6 51. Kb8 g2 52. Qa7+ Qd7 53. Qg1 Qc8+ 54. Ka7 Qc7+ 55. Ka6 Bd3# 0-1


[Site "https://www.chess.com"]

[Event "Titled Tuesday Blitz July 18 Early 2023"]
[White "Shuvalova, Polina"]
[Black "Li, Hui"]
[WhiteFideId "24171760"]
[BlackFideId "15400310"]
[WhiteElo "2656"]
[BlackElo "2350"]
[Result "1-0"]
[Round "1"]
[TimeControl "180+2"]
[Date "2023.07.18"]
[WhiteClock "0:00:16"]
[BlackClock "0:00:06"]
[Board "120"]

1. b3 d5 2. Bb2 c5 3. f4 Nf6 4. Nf3 Nc6 5. g3 e6 6. Bg2 Be7 7. O-O O-O 8. e3 b6 9. Qe2 Bb7 10. d3 Nd7 11. e4 Re8 12. Nbd2 Bf6 13. e5 Be7 14. Rae1 a5 15. a4 Bf8 16. Kh1 Rc8 17. Rf2 Ba6 18. Nh4 g6 19. Nhf3 b5 20. axb5 Bxb5 21. Ra1 Qb6 22. Bc3 Ra8 23. h4 a4 24. bxa4 Bxa4 25. Nf1 Bb5 26. Rb1 Reb8 27. N1h2 Qd8 28. Ng4 Ba4 29. Rg1 d4 30. Be1 Nb6 31. Ng5 Nd5 32. Bxd5 Qxd5+ 33. Kh2 Qd8 34. Nf6+ Kg7 35. Ngxh7 Be7 36. h5 Nb4 37. Bxb4 cxb4 38. Qg4 b3 39. cxb3 Bxb3 40. Qg5 Bd5 41. Qh4 Rb3 42. Ng5 Rxd3 43. h6+ Kh8 44. Nxf7# 1-0


[Site "https://www.chess.com"]

[Event "Titled Tuesday Blitz July 18 Early 2023"]
[White "Wernberg, Hugo"]
[Black "Haug, Havard"]
[WhiteFideId "1737511"]
[BlackFideId "1547887"]
[WhiteElo "2349"]
[BlackElo "2655"]
[Result "0-1"]
[Round "1"]
[TimeControl "180+2"]
[Date "2023.07.18"]
[WhiteClock "0:00:04"]
[BlackClock "0:00:17"]
[Board "121"]

1. d4 d5 2. c4 e6 3. Nf3 c5 4. cxd5 exd5 5. e3 Nf6 6. Bb5+ Nc6 7. O-O Be7 8. b3 O-O 9. dxc5 Ne4 10. Bb2 Bf6 11. Nd4 Nxc5 12. Bxc6 bxc6 13. Nxc6 Qd6 14. Bxf6 Qxf6 15. Nd4 Ba6 16. Re1 Rac8 17. Na3 Ne4 18. Qf3 Qe7 19. Nac2 Bd3 20. Nf5 Qf6 21. Ncd4 Rc3 22. Ng3 Qg6 23. Nxe4 dxe4 24. Qg3 Qxg3 25. hxg3 Rfc8 26. Red1 g6 27. f3 f5 28. f4 Kf7 29. Kf2 h5 30. Ke1 Kf6 31. Kf2 R8c7 32. Rd2 Rc1 33. Rd1 R1c3 34. Kg1 a5 35. Kf2 Rc8 36. Rd2 Rc1 37. Rd1 R1c3 38. Ke1 Ke7 39. Kf2 Kd6 40. Ke1 Kd5 41. Rd2 Rc1+ 42. Rd1 R1c3 43. Rd2 Kc5 44. a3 Kb6 45. Rb2 Rc1+ 46. Rxc1 Rxc1+ 47. Kf2 Rf1# 0-1


[Site "https://www.chess.com"]